 Dungeon Crawl Stone Soup version 0.18.1-8-gdd0e5ea (webtiles) character file.

78 zeroDi the Sneak (level 4, -4/23 HPs)
             Began as a Vine Stalker Assassin on May 21, 2016.
             Slain by a gnoll
             ... wielding a +0 whip
              (6 damage)
             ... on level 2 of the Dungeon.
             The game lasted 00:04:08 (1952 turns).

zeroDi the Sneak (Vine Stalker Assassin)            Turns: 1952, Time: 00:04:08

Health: -4/23      AC:  3    Str: 13    XL:     4   Next: 36%
Magic:  0/5        EV: 11    Int: 11    God:
Gold:   66         SH:  0    Dex: 17    Spells: 0 memorised, 3 levels left

rFire  . . .     SeeInvis .     w - -2 flail (curse)
rCold  . . .     Gourm    .     c - +0 robe
rNeg   . . .     Faith    .     (no shield)
rPois  .         Spirit   +     n - +0 hat
rElec  .         Dismiss  .     d - +0 cloak
rCorr  .         Reflect  .     (no gloves)
SustAt .         Harm     .     (no boots)
MR     .....                    (no amulet)
Stlth  +++.......               (no ring)
                                (no ring)

@: not resistant to hostile enchantments, fairly stealthy
A: fangs 2, regeneration 1, magic shield, antimagic bite, no device heal 3, rot
immunity
a: no special abilities


You were on level 2 of the Dungeon.
You were not hungry.

You visited 1 branch of the dungeon, and saw 3 of its levels.

You collected 66 gold pieces.


Innate Abilities, Weirdness & Mutations

You have extremely sharp teeth.
Your natural rate of healing is unusually fast.
When hurt, damage is shared between your health and your magic reserves.
Your bite disrupts and absorbs the magic of your enemies.
Potions and wands cannot restore your health.
You are immune to rotting.


   Skills:
 - Level 1.7 Fighting
 + Level 4.0 Short Blades
 - Level 1.7 Throwing
 - Level 0.7 Dodging
 - Level 4.8 Stealth


You had 3 spell levels left.
You didn't know any spells.

Inventory:

Hand Weapons
 a - a +2 dagger
 b - a +0 blowgun
 w - a cursed -2 flail (weapon)
Missiles
 e - 19 poisoned needles
 f - 2 curare-tipped needles {=f}
Armour
 c - a +0 robe (worn)
 d - a +0 cloak (worn)
 n - a +0 hat (worn)
Scrolls
 i - a scroll of blinking {unknown}
 j - a scroll of recharging {unknown}
 k - 2 scrolls of amnesia {unknown}
 l - a scroll of identify {unknown}
 p - 2 scrolls of remove curse {unknown}
 r - a scroll of random uselessness {unknown}
 u - a scroll of enchant armour {unknown}
 v - a scroll of magic mapping {unknown}
Potions
 h - 5 potions of curing {unknown}
 m - a potion of flight {unknown}
 s - a potion of lignification {unknown}
 t - a potion of might {unknown}
Comestibles
 g - a bread ration
 o - 3 meat rations
 q - 3 chunks of flesh

Dungeon Overview and Level Annotations

Branches:
Dungeon (3/15)

Altars:
Ashenzari
Makhleb

Annotations:
D:2 Sigmund

.....##......####.##.##.#
##..##..#.#### #....##.#
..........########.#..#.#
##.....(..(....#...##...#
....#####.####...#############
##....###.####..## #.....#
...##.[..........##### #..)..#
...####..>...#..g....###.†...#
...####.....##..@g...........#
............##..g......#.....#
...####.....##...g.....#.....#
...# #.....##....(..........#
#### #.....##......[..#.....#
#.....##.........#.....#
#.....##..<......#######
########.........# ###########


You could see 4 gnolls.


Message History

3 gnolls come into view.
The gnoll shouts! x2
The gnoll hits you with a club. The gnoll hits you but does no damage.
The gnoll hits you from afar with a halberd!
There is a stone staircase leading down here.
You barely miss the gnoll. You bite the gnoll, but do no damage.
The gnoll barely misses you. x2
The gnoll hits you from afar with a halberd.
You hit the gnoll but do no damage. The gnoll misses you.
The gnoll hits you with a club. The gnoll barely misses you.
You hit the gnoll but do no damage. You bite the gnoll. You drain its power.
You feel invigorated.
The gnoll is lightly wounded.
The gnoll misses you. The gnoll closely misses you.
The gnoll hits you with a flail!
* * * LOW HITPOINT WARNING * * *
The gnoll hits you from afar with a halberd.
* * * LOW HITPOINT WARNING * * *
The gnoll hits you with a whip!
You die...

Action                   |  1- 3 |  4- 6 || total
-------------------------+-------+-------++-------
Melee: Dagger            |    93 |    22 ||   115
       Bite              |    16 |     4 ||    20
       Flail             |       |     3 ||     3
 Stab: Sleeping          |     9 |     4 ||    13
       Distracted        |     1 |       ||     1
  Eat: Chunk             |     2 |     1 ||     3
Armor: Robe              |    22 |     5 ||    27
Dodge: Dodged            |    53 |    19 ||    72

Vault maps used:
D:1:      evilmike_arrival_plus, minmay_misc_feat_plants
D:2:      ashenzari_altar_1, uniq_sigmund
D:3:      lemuel_doored_altar, bloody_makhleb, minivault_25, solitary_fountain,
          kennysheep_another_room, grunt_decor_mini_mirrors

Notes
Turn   | Place    | Note
--------------------------------------------------------------
     0 | D:1      | zeroDi the Vine Stalker Assassin began the quest for the Orb.
     0 | D:1      | Reached XP level 1. HP: 11/11 MP: 2/2
    17 | D:1      | Reached skill level 2 in Short Blades
    27 | D:1      | Reached XP level 2. HP: 4/15 MP: 3/3
   877 | D:1      | Reached skill level 3 in Short Blades
   944 | D:1      | Reached XP level 3. HP: 15/18 MP: 2/4
  1261 | D:2      | Found a shattered altar of Ashenzari.
  1270 | D:2      | Noticed Sigmund
  1463 | D:2      | Reached XP level 4. HP: 21/23 MP: 5/5
  1622 | D:3      | Reached skill level 4 in Short Blades
  1837 | D:3      | Found a burning altar of Makhleb.
  1952 | D:2      | HP: 2/23 [gnoll/halberd (2)]
  1952 | D:2      | Slain by a gnoll

Vanquished Creatures
  2 adders (D:2)
  An ooze (D:2)
  3 dart slugs
  A giant gecko (D:1)
  An orc (D:3)
  7 bats
  4 giant cockroaches
  3 goblins
  7 hobgoblins
  4 jackals (D:2)
  4 kobolds (D:1)
  A ball python (D:2)
  2 giant newts (D:1)
  7 rats
47 creatures vanquished.
